Map: Berlingrad LE

Players

llllllllllll

  • Race: Protoss Protoss
  • League: Master
  • Spawn Location: 11:00

Warthog - Winner!

  • Race: Terran Terran
  • League: Master
  • Spawn Location: 5:00

VOD

Have the link to the VOD?

Description

Time

  • Played on: Jan. 4, 2022, 5:50 p.m.
  • Length: 2:31
Show
View Real Time Build Order
Export as new Build Order

llllllllllll Protoss 

Build Orders: Cannon Rush 

Get SALT Encoding   

  12  0:00  Probe (Chrono Boost)  
  13  0:09  Probe (Chrono Boost)  
  14  0:20  Pylon  
  14  0:21  Probe  
  15  0:38  Probe  
  15  0:40  Forge  
  16  0:50  Probe  
  17  0:59  Pylon  
  17  1:03  Probe  
  18  1:04  Assimilator  
  18  1:29  Photon Cannon  
  18  1:30  Photon Cannon  
  18  1:33  Pylon  
  18  1:50  Photon Cannon  
  18  1:55  Pylon  
  17  2:13  Pylon  
Show
View Real Time Build Order
Export as new Build Order

Warthog Terran - Winner!

Build Orders:  

Get SALT Encoding   

  12  0:00  SCV  
  13  0:12  SCV  
  14  0:17  Supply Depot  
  14  0:25  SCV  
  15  0:39  SCV  
  15  0:41  Barracks  
  16  0:44  Refinery  
  16  0:51  SCV  
  17  1:03  SCV  
  18  1:15  SCV  
  19  1:27  Orbital Command  
  19  1:28  Marine  
  20  1:47  Bunker  
  20  1:59  SCV  
  20  2:09  Marine  
  20  2:11  SCV  
Tags
 
Add a new tag
Caveats
  • Supply blocks, unpowered buildings, or Contaminate may cause inaccurate times.
  • Supply counts are checked every 10 seconds.